 Dungeon Crawl Stone Soup version 0.17.1-3-g152610e (webtiles) character file.

414 barb4r1an the Ruffian (level 6, -3/62 HPs)
             Began as a Troll Monk on Apr 15, 2016.
             Was a Believer of Makhleb.
             Slain by a gnoll
             ... wielding a +0 halberd
              (6 damage)
             ... on level 5 of the Dungeon.
             The game lasted 00:06:19 (3155 turns).

barb4r1an the Ruffian (Troll Monk)                  Turns: 3155, Time: 00:06:19

Health: -3/62      AC:  2    Str: 20    XL:     6   Next: 60%
Magic:  5/5        EV: 11    Int:  6    God:    Makhleb [**....]
Gold:   203        SH:  0    Dex: 14    Spells: 0 memorised, 5 levels left

rFire  . . .     SeeInvis .       - Unarmed
rCold  . . .     Clarity  .     a - +0 robe
rNeg   . . .     SustAt   .     (no shield)
rPois  .         Gourm    +     (helmet restricted)
rElec  .         Spirit   .     m - +0 cloak
rCorr  .         Warding  .     (gloves unavailable)
rMut   .         Stasis   .     (boots unavailable)
MR     .....                    (no amulet)
Stlth  ++........               (no ring)
                                (no ring)

@: corroded equipment, not resistant to hostile enchantments, unstealthy
A: unfitting armour, claws 3, fast metabolism 3, gourmand, regeneration 2,
shaggy fur 1, tough skin 2
a: Minor Destruction, Renounce Religion


You were on level 5 of the Dungeon.
You worshipped Makhleb.
Makhleb was pleased with you.
You were full.

You visited 1 branch of the dungeon, and saw 5 of its levels.

You collected 203 gold pieces.

Inventory:

Armour
 a - a +0 robe (worn)
 m - a +0 cloak (worn)
Wands
 q - a wand of slowing (22)
Scrolls
 c - a scroll of enchant armour {unknown}
 g - 9 scrolls of identify {unknown}
 i - 2 scrolls of recharging {unknown}
 j - a scroll of teleportation {unknown}
 o - 2 scrolls of immolation {unknown}
 p - a scroll of random uselessness {unknown}
 r - a scroll of remove curse {unknown}
 s - a scroll of enchant weapon {unknown}
 t - a scroll of fear {unknown}
Potions
 d - a potion of cancellation {unknown}
 e - a potion of experience {unknown}
 f - 3 potions of curing {unknown}
 k - a potion of ambrosia {unknown}
 u - a potion of lignification {unknown}
 v - a potion of degeneration {unknown}
Comestibles
 b - 2 bread rations
 h - 4 meat rations
 l - a beef jerky
 n - a slice of pizza


   Skills:
 + Level 3.7 Fighting
 + Level 2.4 Armour
 + Level 3.8 Dodging
 - Level 1.1 Stealth
 + Level 5.3 Unarmed Combat


You had 5 spell levels left.
You didn't know any spells.

Dungeon Overview and Level Annotations

Branches:
Dungeon (5/15)             Temple (0/1) D:5

Altars:
Dithmenos
Makhleb
Ru
Trog


Innate Abilities, Weirdness & Mutations

You are too large for most types of armour.
You have claws for hands.
Your metabolism is lightning-fast.
You like to eat raw meat.
You heal very quickly.
You are covered in fur (AC +1).
You have very tough skin (AC +2).


Message History

The gnoll hits you from afar with a halberd!
You scratch the jelly but do no damage.
Your claws burn!
* * * LOW HITPOINT WARNING * * *
The jelly misses you.
You claw the jelly! The acid corrodes you!
Your claws burn!
* * * LOW HITPOINT WARNING * * *
The jelly is severely wounded.
The jelly barely misses you. The gnoll closely misses you.
You claw the jelly!
You kill the jelly!
Makhleb accepts your kill.
The gnoll hits you from afar with a halberd!
* * * LOW HITPOINT WARNING * * *
The gnoll closely misses you.
You claw the gnoll!
The gnoll is heavily wounded.
You scratch the gnoll.
The gnoll is severely wounded.
The gnoll hits you with a halberd.
You die...

..# #.## ....... #..##
##....... #...#### #........
..#....#### ##........
.#####....#### #.........
#########....######.........
....# ####....##..........
###.# ####.@g5......... #.#
####........g. #.#
............. #.#####
#.#####....... #.....# #
###.... ####.##.### #### #
............ .# .#######+###
.# #####.## .# #.# #.#
#######......#


You could see a gnoll and a crimson imp.

Vanquished Creatures
  An orc priest (D:4)
  A jelly (D:5)
  2 hounds (D:5)
  An orc wizard (D:3)
  4 worker ants
  A hound zombie (D:5)
  4 adders
  5 gnolls
  An ooze (D:1)
  2 worms (D:3)
  3 giant geckos (D:1)
  4 orcs
  A ball python (D:2)
  5 goblins
  6 hobgoblins
  2 jackals
  7 kobolds
  2 quokkas (D:3)
  9 bats
  3 giant newts
  8 rats
72 creatures vanquished.

Notes
Turn   | Place    | Note
--------------------------------------------------------------
     0 | D:1      | barb4r1an the Troll Monk began the quest for the Orb.
     0 | D:1      | Reached XP level 1. HP: 22/22 MP: 0/0
    59 | D:1      | Reached XP level 2. HP: 22/29 MP: 1/1
   632 | D:1      | Reached XP level 3. HP: 34/36 MP: 2/2
   813 | D:2      | Reached skill level 1 in Armour
   913 | D:2      | Found a faded altar to an unknown god.
  1017 | D:2      | Reached XP level 4. HP: 44/44 MP: 3/3
  1887 | D:3      | Found a burning altar of Makhleb.
  1898 | D:3      | Became a worshipper of Makhleb the Destroyer
  1898 | D:3      | Reached * piety under Makhleb
  1898 | D:3      | Reached ** piety under Makhleb
  2274 | D:3      | Reached XP level 5. HP: 53/53 MP: 4/4
  2514 | D:4      | Found a sacrificial altar of Ru.
  2518 | D:4      | Found a shadowy altar of Dithmenos.
  2532 | D:4      | Found a bloodstained altar of Trog.
  2756 | D:4      | Reached skill level 5 in Unarmed Combat
  2848 | D:5      | Entered Level 5 of the Dungeon
  2851 | D:5      | Found a staircase to the Ecumenical Temple.
  2876 | D:5      | Reached XP level 6. HP: 61/61 MP: 5/5
  3152 | D:5      | HP: 1/62 [gnoll/halberd (14)]
  3155 | D:5      | Slain by a gnoll

Action                   |  1- 3 |  4- 6 || total
-------------------------+-------+-------++-------
Melee: Unarmed           |    82 |   145 ||   227
 Stab: Sleeping          |     2 |     7 ||     9
  Eat: Chunk             |     6 |    17 ||    23
       Bread ration      |       |     2 ||     2
